 Dungeon Crawl Stone Soup version 0.17.0-24-gcfadda4 (webtiles) character file.

67 noske the Shield-Bearer (level 4, 0/37 HPs)
             Began as a Formicid Fighter on Nov 15, 2015.
             Was an Initiate of Gozag.
             Killed from afar by Jaden271's ghost (9 damage)
             ... with a puff of frost
             ... on level 3 of the Dungeon.
             The game lasted 00:08:39 (1850 turns).

noske the Shield-Bearer (Formicid Fighter)          Turns: 1850, Time: 00:08:39

Health: 0/37       AC: 10    Str: 26    XL:     4   Next: 40%
Magic:  4/4        EV:  6    Int:  8    God:    Gozag
Gold:   230        SH:  9    Dex: 10    Spells: 0 memorised, 3 levels left

rFire  . . .     SeeInvis +     a - +0 long sword
rCold  . . .     Clarity  .     q - +0 chain mail
rNeg   . . .     SustAt   .     c - +0 shield
rPois  .         Gourm    .     (helmet unavailable)
rElec  .         Spirit   .     j - +0 cloak
rCorr  .         Warding  .     (no gloves)
rMut   .         Stasis   +     (no boots)
MR     .....                    (no amulet)
Stlth  ..........               (no ring)
                                (no ring)

@: mighty, heavily drained, not resistant to hostile enchantments, extremely
unstealthy
A: permanent stasis, dig shafts and tunnels, four strong arms, antennae 3
a: Dig, Shaft Self, Potion Petition, Call Merchant, Bribe Branch, Renounce
Religion


You were on level 3 of the Dungeon.
You worshipped Gozag.
Gozag was noncommittal.
You were not hungry.

You visited 1 branch of the dungeon, and saw 3 of its levels.

You collected 264 gold pieces.
You paid 34 gold pieces to Gozag.

Inventory:

Hand Weapons
 a - a +0 long sword (weapon)
 o - a +0 long sword
Armour
 b - a +0 scale mail
 c - a +0 shield (worn)
 j - a +0 cloak (worn)
 q - a +0 chain mail (worn)
Scrolls
 f - a scroll of teleportation {unknown}
 g - a scroll of amnesia {unknown}
 h - a scroll of enchant armour {unknown}
 i - a scroll of remove curse
 l - a scroll of immolation
Potions
 k - a potion of flight {unknown}
 m - a potion of curing {unknown}
 p - a potion of haste {unknown}
 r - a potion of lignification {unknown}
Comestibles
 e - 3 bread rations


   Skills:
 * Level 4.0(2.8) Fighting
 * Level 2.4(1.3) Long Blades
 * Level 3.8(2.6) Armour
 * Level 4.4(3.3) Shields


You had 3 spell levels left.
You didn't know any spells.

Dungeon Overview and Level Annotations

Branches:
Dungeon (3/15)

Altars:
Dithmenos
Gozag
Okawaru
Ru
Trog

Annotations:
D:3 Jaden271's ghost, amateur DrIE


Innate Abilities, Weirdness & Mutations

You are under a permanent stasis effect.
You can dig through walls and to a lower floor.
Your four strong arms can wield two-handed weapons with a shield.
You have a pair of large antennae on your head (SInv).


Message History

Jaden271's ghost barely misses you.
Jaden271's ghost hits you but does no damage.
You feel drained.
You closely miss Jaden271's ghost.
Jaden271's ghost is heavily damaged.
Jaden271's ghost casts a spell at you.
You are frozen.
You completely miss Jaden271's ghost.
Jaden271's ghost is heavily damaged.
You block Jaden271's ghost's attack. Jaden271's ghost hits you.
* * * LOW HITPOINT WARNING * * *
You feel drained.
* * * LOW HITPOINT WARNING * * *
You are too injured to fight recklessly!
You hit Jaden271's ghost.
Jaden271's ghost is heavily damaged.
Jaden271's ghost casts a spell at you. The puff of frost hits you!
You die...
Your body crumbles into a pile of gold.

.#.##.#.# #.#
.#.##.#.###.#
............####
...............#
##.#....##.....###
#.##.#.##.......#
#.####.##...###.######
#.. .......# #W...?.#
.... #......###@####.#
# .## #.........<#
#.###...#### #. #... $
.$.. $ ... ##


You could see Jaden271's ghost.

Vanquished Creatures
  2 adders (D:2)
  3 worms (D:2)
  A giant gecko (D:2)
  A ball python (D:3)
  5 giant cockroaches
  3 goblins
  11 hobgoblins
  2 kobolds
  6 bats
  3 giant newts
  2 rats
39 creatures vanquished.

Notes
Turn   | Place    | Note
--------------------------------------------------------------
     0 | D:1      | noske the Formicid Fighter began the quest for the Orb.
     0 | D:1      | Reached XP level 1. HP: 18/18 MP: 1/1
   247 | D:1      | Reached XP level 2. HP: 22/24 MP: 2/2
   775 | D:2      | Found an opulent altar of Gozag.
   826 | D:2      | Became a worshipper of Gozag Ym Sagoz the Greedy
   899 | D:2      | Reached XP level 3. HP: 29/29 MP: 3/3
   944 | D:2      | Reached skill level 4 in Shields
  1153 | D:2      | Found an iron altar of Okawaru.
  1410 | D:2      | Reached XP level 4. HP: 35/37 MP: 4/4
  1694 | D:2      | Found a bloodstained altar of Trog.
  1697 | D:2      | Found a shadowy altar of Dithmenos.
  1698 | D:2      | Found a sacrificial altar of Ru.
  1814 | D:3      | Noticed Jaden271's ghost (amateur DrIE)
  1850 | D:3      | Killed from afar by Jaden271's ghost

Action                   |  1- 3 |  4- 6 || total
-------------------------+-------+-------++-------
Melee: Long sword        |   144 |    38 ||   182
  Use: Scroll            |       |     2 ||     2
       Potion            |       |     1 ||     1
 Stab: Distracted        |       |     1 ||     1
  Eat: Beef jerky        |     1 |       ||     1
       Pizza             |       |     1 ||     1
